 Dungeon Crawl Stone Soup version 0.22.1-2-g9c5b331383 (webtiles) character file.

14321 Marnok the Cleaver (level 11, -3/101 HPs)
             Began as a Minotaur Gladiator on Dec 2, 2018.
             Was a Believer of Ashenzari.
             Slain by a seven-headed hydra (14 damage)
             ... on level 4 of the Lair of Beasts.
             The game lasted 00:56:18 (9228 turns).

Marnok the Cleaver (Minotaur Gladiator)             Turns: 9228, Time: 00:56:20

Health: -3/101     AC: 12    Str: 22    XL:     11   Next: 87%
Magic:  10/10      EV: 19    Int:  5    God:    Ashenzari [**....]
Gold:   654        SH:  0    Dex: 12    Spells: 10/10 levels left

rFire    + . .     SeeInvis +   I - +14 obsidian axe {chop, +Fly SInv *Curse} (curse)
rCold    . . .     Gourm    .   (no shield)
rNeg     . . .     Faith    .   s - +3 ring mail {rF+} (curse)
rPois    .         Spirit   .   c - +0 hat
rElec    .         Reflect  .   O - +0 cloak
rCorr    .         Harm     .   (no gloves)
MR       +....                  h - +0 pair of boots
Stlth    ++........             (no amulet)
HPRegen  0.26/turn              i - ring of protection from magic
MPRegen  0.12/turn              t - +4 ring of evasion (curse)

@: mesmerised, very slightly contaminated
A: retaliatory headbutt, horns 2
a: Curse Item, Scrying, Renounce Religion, Evoke Flight


You were on level 4 of the Lair of Beasts.
You worshipped Ashenzari.
Ashenzari was pleased with you.
You were not hungry.

You visited 2 branches of the dungeon, and saw 12 of its levels.

You collected 654 gold pieces.

Inventory:

Hand Weapons
 I - the cursed +14 obsidian axe (weapon) {chop, +Fly SInv *Curse}
   (You found it on level 6 of the Dungeon)

   It inflicts extra damage upon your enemies.
   It lets you see invisible.
   It lets you fly.
   It curses itself when equipped.
   It has a curse placed upon it.
Missiles
 d - a throwing net (quivered)
 U - 7 needles of sleeping
Armour
 c - a +0 hat (worn)
 h - a +0 pair of boots (worn)
 s - a cursed +3 ring mail of fire resistance (worn)
 O - a +0 cloak (worn)
Magical Staves
 S - an uncursed staff of poison
Jewellery
 i - a ring of protection from magic (left hand)
 k - a cursed ring of teleportation
 m - an uncursed ring of fire
 p - an uncursed ring of wizardry
 r - an uncursed amulet of magic regeneration
 t - a cursed +4 ring of evasion (right hand)
 w - an uncursed ring of flight
 M - a +3 ring of dexterity
Wands
 u - a wand of acid (14)
 A - a wand of flame (2)
 T - a wand of disintegration (9)
 V - a wand of scattershot (9)
Scrolls
 a - a scroll of noise {unknown}
 b - a scroll of silence {unknown}
 e - a scroll of magic mapping
 g - 5 scrolls of identify
 j - a scroll of random uselessness
 l - 3 scrolls of remove curse
 D - 3 scrolls of fog
 H - 4 scrolls of teleportation
 J - 4 scrolls of amnesia {unknown}
 Y - a scroll of immolation {unknown}
Potions
 o - a potion of flight
 q - 2 potions of brilliance
 v - a potion of ambrosia
 x - a potion of magic
 z - 3 potions of invisibility
 E - 2 potions of lignification {unknown}
 P - 2 potions of curing
 Z - a potion of haste
Comestibles
 f - 17 rations


   Skills:
 + Level 10.3 Fighting
   Level 6.8 Short Blades
 + Level 14.1(16.0) Axes
 + Level 2.6 Throwing
 + Level 8.7 Armour
 + Level 7.6 Dodging
 + Level 4.3 Stealth


You had 10 spell levels left.
You didn't know any spells.
Your spell library contained the following spells:

 Spells                   Type           Power        Failure   Level  Hunger
 Magic Dart               Conj           #...         61%         1    ##.....
 Blink                    Tloc           N/A          75%         2    ###....
 Call Imp                 Summ           #.......     75%         2    ###....
 Poisonous Vapours        Pois/Air       #.....       75%         2    ###....
 Shroud of Golubria       Chrm/Tloc      #.........   75%         2    ###....
 Slow                     Hex            #.......     75%         2    ###....
 Conjure Flame            Conj/Fire      #.......     93%         3    ####...
 Gell's Gravitas          Tloc           #.........   93%         3    ####...
 Lesser Beckoning         Tloc           #.........   93%         3    ####...
 Mephitic Cloud           Conj/Pois/Air  #.......     93%         3    ####...
 Teleport Other           Tloc           #.......     93%         3    ####...
 Passage of Golubria      Tloc           N/A          100%        4    #####..
 Freezing Cloud           Conj/Ice/Air   #.........   100%        6    #######
 Ring of Flames           Chrm/Fire      #.........   100%        7    #######


Dungeon Overview and Level Annotations

Branches:
Dungeon (8/15)             Temple (0/1) D:7            Lair (4/6) D:8
  Swamp (0/4) Lair:3
  Snake: Lair:2-4    Spider: Lair:2-4

Altars:
Ashenzari
Cheibriados
Fedhas
Makhleb
Sif Muna
Uskayaw
Wu Jian

Annotations:
D:6 exclusion: oklob plant
Lair:3 3 runed doors, Jynx's ghost, journeyman SpEn


Innate Abilities, Weirdness & Mutations

You reflexively headbutt those who attack you in melee.
You have a pair of horns on your head.


Message History

Blink to where?
Press: ? - help, Dir - move target cursor You cannot blink away from the seven-headed hydra!
Blink to where?
Press: ? - help, Dir - move target cursor You are very lightly contaminated with residual magic.
As you read the scroll of blinking, it crumbles to dust.
The seven-headed hydra bites you but does no damage.
The seven-headed hydra misses you. The seven-headed hydra bites you.
* * * LOW HITPOINT WARNING * * *
The seven-headed hydra completely misses you. x2
The seven-headed hydra misses you. The seven-headed hydra bites you.
* * * LOW HITPOINT WARNING * * *
You feel better.
Visions of slaying the hippogriff flood into your mind.
The hippogriff bites you but does no damage.
The hippogriff completely misses you. The hippogriff misses you.
The seven-headed hydra barely misses you. x2
The seven-headed hydra bites you!
You die...

### *** ##@# *** *
*,#.###HD######.##.
,.......ยง.<.......
, ,
,,(................
..................
*
..................
,
..................
, ,,
..................
*
...$.............,


You could see a seven-headed hydra and a hippogriff.

Vanquished Creatures
  Pikel (D:5)
  2 ugly things (D:7)
  A black mamba (Lair:3)
  6 spiny frogs
  A rime drake (Lair:3)
  4 komodo dragons
  A polar bear (Lair:2)
  A troll (D:7)
  3 blink frogs (Lair:1)
  Grinder (D:4)
  3 hippogriffs
  Sigmund (D:6)
  8 yaks
  A basilisk (Lair:1)
  4 vampire mosquitoes (Lair:3)
  Menkaure (D:6)
  Duvessa (D:4)
  8 porcupines
  A slave (D:5)
  A water moccasin (D:7)
  A sky beast (D:6)
  A black bear (D:7)
  An ice beast (D:8)
  An eye of draining (D:7)
  5 ogres
  2 centaurs (D:7)
  3 crocodiles
  2 big kobolds
  Blork the orc (D:5)
  6 bullfrogs
  Dowan (D:4)
  3 scorpions
  A wight (D:7)
  3 electric eels
  4 crimson imps
  A bullfrog zombie (D:7)
  4 hounds
  An orc wizard (D:7)
  Crazy Yiuf (D:5)
  2 bullfrog skeletons
  A gnoll shaman (D:7)
  7 worker ants
  An iguana (D:5)
  A hound skeleton (D:4)
  9 adders
  7 gnolls
  A shadow imp (D:5)
  An ooze (D:5)
  2 worms
  2 leopard geckos
  3 orcs
  6 giant cockroaches
  3 hobgoblins
  9 jackals
  3 quokkas
  3 bats
  5 frilled lizards
  7 goblins
  12 kobolds
  A quokka skeleton (D:5)
  3 rats
  A bush (Lair:1)
  3 fungi (D:5)
  9 plants
194 creatures vanquished.

Vanquished Creatures (collateral kills)
  2 hydras
  A blink frog (Lair:1)
  A basilisk (Lair:1)
  7 yaks
  2 vampire mosquitoes (Lair:3)
  A crocodile (Lair:3)
  2 bullfrogs
  6 plants (Lair:1)
22 creatures vanquished.

Vanquished Creatures (others)
  A bush (D:4)
  A fungus (Lair:1)
  6 plants
8 creatures vanquished.

Grand Total: 224 creatures vanquished

Notes
Turn   | Place    | Note
-------+----------+-------------------------------------------
     0 | D:1      | Marnok the Minotaur Gladiator began the quest for the Orb.
     0 | D:1      | Reached XP level 1. HP: 18/18 MP: 0/0
   672 | D:2      | Found a shattered altar of Ashenzari.
   684 | D:2      | Reached skill level 4 in Axes
   684 | D:2      | Reached XP level 2. HP: 25/25 MP: 1/1
  1138 | D:2      | Reached XP level 3. HP: 28/30 MP: 2/2
  1268 | D:2      | Became a worshipper of Ashenzari the Shackled
  1842 | D:3      | Reached skill level 1 in Armour
  2034 | D:3      | Reached XP level 4. HP: 37/37 MP: 3/3
  2376 | D:4      | Reached skill level 1 in Short Blades
  2464 | D:5      | Entered Level 5 of the Dungeon
  2472 | D:5      | Reached XP level 5. HP: 45/45 MP: 4/4
  2518 | D:4      | Noticed a dagger
  2519 | D:4      | Found a hide-covered altar of Uskayaw.
  2519 | D:4      | Noticed a dagger
  2718 | D:4      | Reached skill level 5 in Axes
  2850 | D:4      | Noticed Duvessa
  3040 | D:4      | Killed Duvessa
  3040 | D:4      | Reached XP level 6. HP: 36/51 MP: 5/5
  3054 | D:4      | Noticed Dowan
  3065 | D:4      | Killed Dowan
  3152 | D:4      | Noticed Grinder
  3161 | D:4      | Paralysed by Grinder for 5 turns
  3190 | D:4      | Killed Grinder
  3190 | D:4      | Reached skill level 1 in Stealth
  3190 | D:4      | Reached XP level 7. HP: 16/59 MP: 6/6
  3488 | D:4      | Reached * piety under Ashenzari
  3493 | D:4      | Found a snail-covered altar of Cheibriados.
  3493 | D:4      | Found a blossoming altar of Fedhas.
  3494 | D:4      | Found a deep blue altar of Sif Muna.
  4002 | D:5      | Noticed Blork the orc
  4007 | D:5      | Killed Blork the orc
  4007 | D:5      | Reached skill level 5 in Dodging
  4104 | D:6      | Noticed an oklob plant
  4120 | D:6      | Noticed Sigmund
  4121 | D:6      | Found a burning altar of Makhleb.
  4130 | D:6      | Killed Sigmund
  4130 | D:6      | Reached skill level 5 in Fighting
  4130 | D:6      | Reached XP level 8. HP: 68/68 MP: 7/7
  4178 | D:6      | Found the cursed +14 obsidian axe {chop, +Fly SInv *Curse}
  4189 | D:6      | Reached skill level 5 in Short Blades
  4198 | D:7      | Reached skill level 5 in Armour
  4335 | D:6      | Noticed Menkaure
  4339 | D:6      | Killed Menkaure
  4664 | D:5      | Found a runed door.
  4668 | D:5      | Noticed Crazy Yiuf
  4671 | D:5      | Killed Crazy Yiuf
  4671 | D:5      | Reached skill level 6 in Axes
  4961 | D:5      | Noticed Pikel
  4966 | D:5      | Killed Pikel
  4966 | D:5      | Reached XP level 9. HP: 69/75 MP: 8/8
  5001 | D:5      | Found an ornate altar of the Wu Jian Council.
  5169 | D:7      | Found a staircase to the Ecumenical Temple.
  5169 | D:7      | Noticed a troll
  5175 | D:7      | Killed a troll
  5175 | D:7      | Reached skill level 7 in Axes
  5335 | D:7      | Reached skill level 8 in Axes
  5474 | D:6      | Reached ** piety under Ashenzari
  5808 | D:7      | Reached skill level 9 in Axes
  5848 | D:7      | Noticed a green ugly thing
  5855 | D:7      | Noticed a white ugly thing
  5856 | D:7      | Killed a green ugly thing
  5858 | D:7      | Killed a white ugly thing
  5858 | D:7      | Reached skill level 10 in Axes
  5858 | D:7      | Reached XP level 10. HP: 41/86 MP: 9/9
  6599 | D:8      | Found a staircase to the Lair.
  6606 | Lair:1   | Entered Level 1 of the Lair of Beasts
  6652 | Lair:1   | Reached skill level 11 in Axes
  6761 | Lair:1   | Reached skill level 12 in Axes
  6816 | Lair:1   | Noticed a spiny frog
  6823 | Lair:1   | Killed a spiny frog
  6828 | Lair:1   | Reached XP level 11. HP: 44/95 MP: 10/10
  7233 | Lair:1   | Noticed a four-headed hydra
  7246 | Lair:1   | Killed an 11-headed hydra
  7915 | Lair:2   | Reached skill level 13 in Axes
  8241 | Lair:2   | Noticed a sixfirhy
  8684 | Lair:3   | Found a runed gate.
  8684 | Lair:3   | Found a runed gate.
  8687 | Lair:3   | Found a runed gate.
  8689 | Lair:3   | Noticed Jynx's ghost (journeyman SpEn)
  8780 | Lair:3   | Noticed an eight-headed hydra
  8782 | Lair:3   | Killed an eight-headed hydra
  8783 | Lair:3   | Reached skill level 10 in Fighting
  8988 | Lair:3   | Found a staircase to the Swamp.
  9065 | Lair:3   | Reached skill level 14 in Axes
  9218 | Lair:4   | Noticed a six-headed hydra
  9227 | Lair:4   | HP: 5/101 [seven-headed hydra (4)]
  9228 | Lair:4   | Slain by a seven-headed hydra

Skill      XL: |  1  2  3  4  5  6  7  8  9 10 11 |
---------------+----------------------------------+-----
Axes           | 4 5 6 10 12 14 | 14.1
Armour         | 1 2 3 4 6 7 8 |  8.7
Dodging        | 4 5 6 7 |  7.6
Fighting       | 3 4 5 7 8 10 | 10.3
Short Blades   | 1 2 3 4 6 |  6.8
Stealth        | 1 2 3 4 |  4.3
Throwing       | |  2.6

Action                   |  1- 3 |  4- 6 |  7- 9 | 10-12 || total
-------------------------+-------+-------+-------+-------++-------
Melee: War axe           |    56 |       |       |       ||    56
       Headbutt          |     8 |    18 |    20 |    36 ||    82
       Rapier            |    12 |    66 |    48 |       ||   126
       Broad axe         |       |       |   106 |   165 ||   271
Throw: Throwing net      |       |     3 |       |       ||     3
Invok: Curse Item        |       |     2 |       |       ||     2
Evoke: Wand              |       |       |       |     5 ||     5
  Use: Potion            |     7 |       |       |     7 ||    14
       Scroll            |       |     9 |     2 |     2 ||    13
 Stab: Sleeping          |     1 |       |     1 |     5 ||     7
       Distracted        |       |       |       |     1 ||     1
  Eat: Ration            |     1 |     1 |     2 |     3 ||     7
       Chunk             |       |     3 |     1 |     1 ||     5
Armor: Leather armour    |    16 |    12 |       |       ||    28
       Ring mail         |     6 |     2 |    37 |    58 ||   103
Dodge: Dodged            |    72 |    58 |   125 |   175 ||   430
